AoeStats
← Noir_Angel

Oasis

509927981Analyzed
2v2 RM · 3d ago on Sep 28, 2026· 51m 34s· 4 players
Game mode
Random Map
Map size
Medium (4 player)
Population
200
Speed
Normal
Resources
Standard
Victory
Conquest
Starting age
Dark Age
Ending age
Imperial Age
RankedLock teamsTeams togetherTeam positionsShared explorationLock speedFull tech treeHidden civsTurbo modeCheats
Victory
Defeat
🇩🇪 Danes · Germany
1133
+16
🇩🇪 Saxons · Germany
1111
+18
🇺🇸 Japanese · United States
1142
-17
🇺🇸 Inca · United States
1135
-17
Mann aus Sachsen
7:14 Loom
9:55 Feudal Age
9:59 Man-at-Arms
12:00 Horse Collar
13:35 Double-Bit Axe
26:09 Castle Age
25:09 Arson
25:26 Scale Mail Armor
32:41 Chain Mail Armor
32:31 Squires
32:16 Gambesons
37:42 Bow Saw
38:34 Wheelbarrow
43:06 Imperial Age
41:51 Forging
43:24 Iron Casting
45:48 Fletching
46:32 Plate Mail Armor
46:53 Conscription
45:54 Shield Wall
49:26 Elite Hearth Troop
52:06 Bodkin Arrow
Noir_Angel
10:50 Feudal Age
13:04 Loom
15:31 Castle Age
17:41 Squires
17:27 Arson
17:47 Scale Mail Armor
21:00 Double-Bit Axe
24:07 Horse Collar
24:18 Gambesons
24:52 Chain Mail Armor
26:15 Bow Saw
27:41 Man-at-Arms
28:07 Gambesons
28:46 Heavy Plow
29:07 Long Swordsman
29:33 Arson
29:57 Gold Mining
30:32 Forging
37:20 Wheelbarrow
37:58 Thumb Ring
43:08 Imperial Age
41:38 Ballistics
43:16 Masonry
43:12 Two-Handed Swordsman
44:00 Scale Barding Armor
44:38 Plate Mail Armor
44:03 Champion
45:29 Elite Varangian Guard
47:21 Gold Shaft Mining
48:19 Hand Cart
47:49 Town Watch
49:03 Fletching
49:49 Iron Casting
49:44 Bodkin Arrow
50:04 Stone Mining
50:38 Town Patrol
51:16 Cranequins
53:01 Blast Furnace
52:02 Bracer
Mario
8:11 Loom
11:25 Feudal Age
11:34 Man-at-Arms
12:00 Arson
12:28 Double-Bit Axe
15:31 Wheelbarrow
16:46 Forging
16:37 Scale Mail Armor
19:28 Gold Mining
19:22 Horse Collar
25:06 Castle Age
23:51 Stone Mining
30:33 Iron Casting
31:03 Chain Mail Armor
34:54 Murder Holes
37:17 Crossbowman
39:53 Thumb Ring
44:50 Fletching
45:51 Padded Archer Armor
48:35 Hand Cart
49:51 Bodkin Arrow
Luigi
12:02 Feudal Age
10:56 Loom
20:51 Horse Collar
22:44 Double-Bit Axe
23:07 Champi Runner
23:33 Arson
24:36 Gold Mining
26:09 Fletching
27:20 Wheelbarrow
27:17 Town Watch
31:16 Castle Age
31:32 Stone Mining
31:48 Crossbowman
34:28 Thumb Ring
34:43 Bodkin Arrow
43:07 Padded Archer Armor
Connection lost

Rejoining the realm…

Still unreachable

The connection could not be restored.

Session expired

The server has moved on; the page needs a fresh start.